 Dungeon Crawl Stone Soup version 0.27-a0-1548-gf8a67e7463 (webtiles) character file.

Game seed: 17747888415422758420

18 robertstho the Magician (level 2, 0/21 HPs)
             Began as a Djinni Fire Elementalist on July 13, 2021.
             Slain by a jackal (1 damage)
             ... on level 1 of the Dungeon.
             The game lasted 00:01:17 (740 turns).

robertstho the Magician (Djinni Fire Elementalist)   Turns: 740, Time: 00:01:17

Health: 0/21       AC:  2    Str:  7    XL:     2   Next: 90%
Gold:   0          EV: 12    Int: 16    God:
                   SH:  0    Dex: 13

rFire    + + .     SeeInvis .   c - +0 dagger
rCold    x . .     Faith    .   (no shield)
rNeg     . . .     Spirit   .   a - +0 robe
rPois    ∞         Reflect  .   (no helmet)
rElec    .         Harm     .   (no cloak)
rCorr    .         Rampage  .   (no gloves)
Will     .....                  (boots unavailable)
Stlth    ++........             (no amulet)
HPRegen  0.07/turn              (no ring)
MPRegen  0.00/turn              (no ring)

@: flying
A: sickness immunity, fire resistance 2, cold vulnerability 1, float, innate
caster, hp casting, extra vitality 1
a: no special abilities


You were on level 1 of the Dungeon.
You visited 1 branch of the dungeon, and saw 1 of its levels.

Inventory:

Hand Weapons
 c - a +0 dagger (weapon)
Armour
 a - a +0 robe (worn)
Scrolls
 b - a scroll of magic mapping


   Skills:
 * Level 0.1 Fighting
 + Level 2.3 Dodging
 + Level 1.6 Stealth
 * Level 3.0 Spellcasting


You couldn't memorise any spells.
You knew the following spells:

 Your Spells              Type           Power      Damage    Failure   Level
a - Foxfire               Conj/Fire      48%        2x1d6     5%          1
b - Conjure Flame         Conj/Fire      12%        6-21      16%         3
c - Inner Flame           Hex/Fire       12%        N/A       16%         3
d - Sticky Flame          Conj/Fire      12%        2d4       47%         4
e - Fireball              Conj/Fire      6%         3d5       83%         5
Your spell library was empty.

Dungeon Overview and Level Annotations

Branches:
Dungeon (1/15)

Altars:


Innate Abilities, Weirdness & Mutations

You are immune to sickness and miasma.
You are immune to poison.
Your flesh is very heat resistant. (rF++)
You are vulnerable to cold. (rC-)
You float through the air rather than walking.
You learn spells naturally, not from books.
Your magical power is your life essence.
You have superior vitality. (+4 HP)


Message History

Press: ? - help, Q - select action Dir - look around, f - activate You conjure some foxfire!
* * * LOW HITPOINT WARNING * * *
The jackal barely misses you. The jackal closely misses you.
Unknown command.
The foxfire hits the jackal but does no damage.
The foxfire hits the jackal.
The jackal is lightly wounded.
Unknown command.
Casting: Foxfire (safe; 5% risk of failure)
Press: ? - help, Q - select action Dir - look around, f - activate You conjure some foxfire!
* * * LOW HITPOINT WARNING * * *
The jackal bites you but does no damage.
Unknown command.
The foxfire hits the jackal.
The jackal is moderately wounded.
The foxfire hits the jackal but does no damage.
The jackal is moderately wounded.
The jackal bites you but does no damage.
Unknown command.
You aren't carrying any potions.
As you read the scroll labelled BICI VOUDIOGGA, it crumbles to dust.
You feel aware of your surroundings.
It was a scroll of magic mapping.
The jackal closely misses you.
You aren't carrying any items that you can evoke.
The jackal misses you.
Your magical contamination has completely faded away.
The jackal barely misses you. The jackal barely misses you.
The jackal barely misses you. The jackal bites you.
* * * LOW HITPOINT WARNING * * *
The jackal barely misses you.
The jackal bites you but does no damage.
The jackal misses you. The jackal bites you.
* * * LOW HITPOINT WARNING * * *
The jackal bites you.
You die...

.##..+,,,,,,,,#........#.#.......
.##..#,,,,,,,,#........#.#..†....
.....##########........#.#.......
..##............+##....#.#.......
..##...###.............#.#.......
.###..## #.............#.#.......
## #.## ##.......>....#.'.......
####.#########'#.##....###.....##
...............#@####### #######
###.##########.#h# #
............##.#.################
##........#.##.#.................
#....####.#.##.#.###############.
##...# #.#.##.### #. .....#
#.#.##.# #. ##.######.#.#*,* ##
..........#.#*,* #


You could see a jackal.

Vanquished Creatures
  2 ball pythons (D:1)
  3 bats (D:1)
  A giant cockroach (D:1)
  3 goblins (D:1)
  A hobgoblin (D:1)
  3 jackals (D:1)
  A kobold (D:1)
  A rat (D:1)
15 creatures vanquished.

Vanquished Creatures (collateral kills)
  A foxfire (D:1)
1 creature vanquished.

Vanquished Creatures (others)
  52 foxfires (D:1)
52 creatures vanquished.

Grand Total: 68 creatures vanquished

Notes
Turn   | Place    | Note
-------+----------+-------------------------------------------
     0 | D:1      | robertstho the Djinni Fire Elementalist began the quest for
                  | the Orb.
     0 | D:1      | Reached XP level 1. HP: 15/15 MP: 0/0
   278 | D:1      | Reached XP level 2. HP: 20/21 MP: 0/0
   711 | D:1      | Reached skill level 3 in Spellcasting
   728 | D:1      | HP: 1/21 [jackal (1)]
   738 | D:1      | HP: 1/21 [jackal (1)]
   740 | D:1      | Slain by a jackal

Illustrated notes

Levels and vault maps discovered:
D:1:      amcnicky_arrival_wind_blow, layout_basic, minivault_25,
          minmay_misc_feat_plants, serial_bayou_pond_d

Skill      XL: |  1  2 |
---------------+-------+-----
Spellcasting   | 3 |  3.0
Fighting       | |  0.1
Dodging        | |  2.3
Stealth        | |  1.6

Action                   || total
-------------------------++-------
 Cast: Foxfire           ||    34
  Use: Scroll            ||     1
Armor: Robe              ||    10
Dodge: Dodged            ||    26

Table legend: (Time is in decaauts)
 A = Elapsed time spent in this place.
 B = Non-inter-level travel time spent in this place.
 C = Inter-level travel time spent in this place.
 D = Time resting spent in this place.
 E = Time spent auto-exploring this place.
 F = Levels seen in this place.
 G = Mean time per level.
                   A        B        C        D        E       F      G
               +--------+--------+--------+--------+--------+-----+--------+
         Total |    739 |    739 |      0 |      0 |    615 |   1 |  739.0 |
       Dungeon |    739 |    739 |      0 |      0 |    615 |   1 |  739.0 |
               +--------+--------+--------+--------+--------+-----+--------+

Top non-repeatable levels by time:
     D:1: 739 daAuts
